[Event "Team 45 45 League T81"]
[Site "Internet Chess Club"]
[Date "2019.08.02"]
[Round "6"]
[White "Toalla"]
[Black "WzeroMN"]
[Result "1-0"]
[WhiteElo "1199"]
[BlackElo "1033"]
[Opening "QGD: Marshall defense"]
[ECO "D06"]
[Time "15:01:54"]
[TimeControl "2700+45"]

1. d4 d5 2. c4 Nf6 3. Nf3 e6 4. g3 c5 5. Bg2 cxd4 6. cxd5 Bb4+ 7. Bd2 Bxd2+ 8.
Qxd2 O-O 9. O-O exd5 10. Nxd4 Nc6 11. Nc3 Nxd4 12. Qxd4 Qb6 13. Qxb6 axb6 14.
Bxd5 Nxd5 15. Nxd5 b5 16. Nc7 Rb8 17. Nxb5 Be6 18. b3 Rfd8 19. Rfd1 Rxd1+ 20.
Rxd1 g6 21. f3 Kf8 22. Kf2 Ke7 23. e4 Rc8 24. Rd2 Rd8 25. Rxd8 Kxd8 26. Ke3 Bd7
27. Nd6 {Black resigns} 1-0

[Event "Team 45 45 League T81"]
[Site "Internet Chess Club"]
[Date "2019.08.01"]
[Round "6"]
[White "DaveTheRook"]
[Black "kabindra"]
[Result "1-0"]
[WhiteElo "1617"]
[BlackElo "1732"]
[Opening "Queen's gambit declined"]
[ECO "D30"]
[Time "18:30:56"]
[TimeControl "2700+45"]

1. d4 d5 2. c4 e6 3. cxd5 exd5 4. Nf3 Nf6 5. Nc3 c6 6. Bg5 Na6 7. a3 Nc7 8. e3
Bf5 9. Bd3 Bxd3 10. Qxd3 Ne6 11. Bh4 Be7 12. O-O O-O 13. Bg3 Re8 14. Rfc1 c5 15.
Qd1 a6 16. h3 b5 17. dxc5 Nxc5 18. b4 Nce4 19. Nxe4 Nxe4 20. Be5 Rc8 21. Bb2 Bf6
22. Bxf6 Nxf6 23. Rxc8 Qxc8 24. Rc1 Qd7 25. Qc2 h6 26. Qc6 Qxc6 27. Rxc6 Re6 28.
Rc8+ Kh7 29. Nd4 Rd6 30. Kf1 Nd7 31. Rd8 g6 32. Nb3 Kg7 33. Nc5 Kf6 34. Rxd7
{Black resigns} 1-0

[Event "Team 45 45 League T81"]
[Site "Internet Chess Club"]
[Date "2019.08.04"]
[Round "6"]
[White "isolani"]
[Black "pokerram"]
[Result "1/2-1/2"]
[WhiteElo "1347"]
[BlackElo "1555"]
[Opening "Sicilian: Smith-Morra gambit"]
[ECO "B21"]
[Time "17:01:38"]
[TimeControl "2700+45"]

1. e4 c5 2. d4 cxd4 3. Qxd4 Nc6 4. Qd3 Nf6 5. c3 d6 6. Be2 e6 7. Be3 Be7 8. Nd2
O-O 9. h3 d5 10. Ngf3 dxe4 11. Nxe4 Qxd3 12. Bxd3 Nd5 13. Bd2 f6 14. O-O a6 15.
a3 b5 16. Rac1 Na5 17. c4 Nb3 18. Rc2 Nxd2 19. Rxd2 bxc4 20. Bxc4 Bb7 21. Re1
Kf7 22. Nd4 Rfc8 23. Rc2 e5 24. Nf5 Bf8 25. Nfd6+ Ke7 26. Nxb7 Nb6 27. Bb3 Rxc2
28. Bxc2 Nc4 29. Re2 Rb8 30. Bb3 Nxa3 31. bxa3 Rxb7 32. Rb2 h6 33. Rb1 f5 34.
Nc3 Kf6 35. Nd5+ Kg5 36. a4 a5 37. Bc2 Rd7 38. Rb5 Ra7 39. Ne3 g6 40. Rxe5 Bb4
41. Rb5 Rc7 42. Kf1 Bd2 43. Bd1 Re7 44. g3 h5 45. Rd5 Bb4 46. h4+ Kf6 47. Bb3
Rc7 48. Nc4 Re7 49. Nxa5 Re1+ 50. Kg2 Rb1 51. Bc4 Rc1 52. Rb5 Bxa5 53. Rxa5 Rxc4
54. Ra6+ Kg7 {Game drawn by mutual agreement} 1/2-1/2

[Event "Team 45 45 League T81"]
[Site "Internet Chess Club"]
[Date "2019.08.02"]
[Round "6"]
[White "mongmong"]
[Black "Balderdash"]
[Result "0-1"]
[WhiteElo "1499"]
[BlackElo "1338"]
[Opening "Queen's pawn game"]
[ECO "D04"]
[Time "20:02:20"]
[TimeControl "2700+45"]

1. d4 d5 2. Nf3 Nf6 3. e3 Nc6 4. c3 Bf5 5. Nbd2 g6 6. Bb5 Bd7 7. Ne5 Nxe5 8.
dxe5 Bxb5 9. exf6 exf6 10. Nb3 Bd6 11. Nd4 Ba6 12. Qa4+ c6 13. b4 O-O 14. Bb2
Bd3 15. Qd1 Bc4 16. Nf3 Qd7 17. Qd4 Kg7 18. Nd2 b5 19. Nxc4 bxc4 20. O-O Qc7 21.
h3 Rfe8 22. a4 Re4 23. Qd2 Rae8 24. Rae1 R4e5 25. Re2 Rg5 26. Rfe1 Re4 27. f3
Rh4 28. Kh1 Bg3 29. Rf1 Qd7 30. Rg1 Rxh3+ 31. gxh3 Qxh3+ 32. Rh2 Bxh2 33. Qxh2
Qxf3+ 34. Rg2 Rh5 35. Qxh5 Qxh5+ 36. Kg1 Qd1+ 37. Kh2 Qxa4 38. Rf2 Qd1 39. Kg2
h5 40. Rf1 Qg4+ 41. Kf2 h4 42. Rg1 Qf5+ 43. Kg2 Qc2+ {White resigns} 0-1

[Event "Team 45 45 League T81"]
[Site "Internet Chess Club"]
[Date "2019.08.04"]
[Round "6"]
[White "WillC"]
[Black "Portola"]
[Result "0-1"]
[WhiteElo "1631"]
[BlackElo "1718"]
[Opening "Queen's pawn game, Darooha variation "]
[ECO "D02"]
[Time "09:01:38"]
[TimeControl "2700+45"]

1. d4 d5 2. Nf3 Nf6 3. b3 Bg4 4. Nbd2 e6 5. Bb2 Nbd7 6. e3 c6 7. Be2 Bd6 8. O-O
O-O 9. c4 Qe7 10. Ne5 Bf5 11. Rc1 Ba3 12. Bxa3 Qxa3 13. Ra1 Nxe5 14. dxe5 Nd7
15. f4 Qc5 16. Rf3 a5 17. a3 Rfd8 18. Qe1 d4 19. exd4 Qxd4+ 20. Rf2 Nxe5 21.
fxe5 Qxd2 22. Bf3 Qd3 23. Rb2 Qd4+ 24. Rf2 Qb6 25. Bd1 Rd7 26. Kh1 Rad8 27. Rc1
Qxf2 {White resigns} 0-1

[Event "Team 45 45 League T81"]
[Site "Internet Chess Club"]
[Date "2019.08.03"]
[Round "6"]
[White "g8wrb"]
[Black "az2112"]
[Result "0-1"]
[WhiteElo "1308"]
[BlackElo "1482"]
[Opening "Nimzovich-Larsen attack: Indian variation"]
[ECO "A01"]
[Time "10:01:30"]
[TimeControl "2700+45"]

1. b3 Nf6 2. Bb2 c5 3. e3 Nc6 4. Bb5 d6 5. Nf3 a6 6. Bxc6+ bxc6 7. d3 e6 8. e4
d5 9. e5 Nd7 10. O-O Be7 11. Re1 O-O 12. Nbd2 a5 13. a4 Ba6 14. c4 Rb8 15. Bc3
Qc7 16. d4 cxd4 17. Bxd4 c5 18. Bb2 dxc4 19. Nxc4 Bxc4 20. bxc4 Rxb2 21. Re2
Rxe2 22. Qxe2 Rb8 23. Qe4 h6 24. h3 Qb7 25. Qxb7 Rxb7 {White resigns} 0-1

[Event "Team 45 45 League T81"]
[Site "Internet Chess Club"]
[Date "2019.08.04"]
[Round "6"]
[White "Chess4Him"]
[Black "g8wrb"]
[Result "1/2-1/2"]
[WhiteElo "1460"]
[BlackElo "1315"]
[Opening "Queen's pawn"]
[ECO "A40"]
[Time "13:31:50"]
[TimeControl "2700+45"]

1. d4 e6 2. Bf4 Nf6 3. e3 c5 4. c3 Nc6 5. Nf3 Be7 6. h3 Qb6 7. Qb3 O-O 8. Nbd2
d5 9. dxc5 Bxc5 10. Bd3 Bd7 11. Qc2 h6 12. Nb3 Be7 13. O-O Rac8 14. a3 Na5 15.
Nbd2 Bb5 16. Bxb5 Qxb5 17. Nd4 Qb6 18. N2f3 Ne4 19. Ne5 Nc4 20. Nd7 Qxb2 21.
Nxf8 Qxc2 22. Nxc2 Kxf8 23. Rfb1 b6 24. f3 Nxc3 25. Re1 e5 26. Bg3 Bf6 27. Nb4
e4 28. Rac1 d4 29. exd4 Bxd4+ 30. Kh2 exf3 31. gxf3 Nxa3 32. Nd3 Kg8 33. Ne5
Nab5 34. Nd7 Rd8 35. Nb8 a5 36. Nc6 Rd7 37. Re8+ Kh7 38. Nxd4 Rxd4 39. Bf2 Rd3
40. Re3 Rxe3 41. Bxe3 Nd5 42. Bxb6 Nxb6 43. Rb1 Nd4 44. Rxb6 Nxf3+ 45. Kg3 Ng5
46. Ra6 Ne4+ 47. Kf4 Nf2 48. Kg3 Ne4+ 49. Kf4 Ng5 50. h4 Ne6+ 51. Kg3 Kg6 52.
Rxa5 f5 53. Ra6 Kf6 54. h5 Ke5 55. Ra5+ Ke4 56. Ra7 f4+ 57. Kf2 Kf5 58. Ra5+ Kg4
59. Re5 Ng5 60. Re7 Kxh5 61. Rxg7 Kg4 62. Rg6 h5 63. Rg8 h4 64. Kg2 h3+ 65. Kf2
Kf5 66. Rh8 Kg4 67. Rg8 Kf5 68. Rh8 Kg4 69. Rg8 {Game drawn by repetition}
1/2-1/2

[Event "Team 45 45 League T81"]
[Site "Internet Chess Club"]
[Date "2019.08.02"]
[Round "6"]
[White "Janna"]
[Black "BrerRabbit"]
[Result "0-1"]
[WhiteElo "1253"]
[BlackElo "1381"]
[Opening "Caro-Kann defense"]
[ECO "B10"]
[Time "13:03:30"]
[TimeControl "2700+45"]

1. e4 c6 2. Nf3 d5 3. exd5 cxd5 4. Nc3 Nf6 5. Bb5+ Bd7 6. Bxd7+ Nbxd7 7. d4 g6
8. Bf4 a6 9. Ne5 Bg7 10. O-O O-O 11. Qf3 e6 12. Nxd7 Nxd7 13. Bd6 Re8 14. Rae1
Bxd4 15. Re2 Qf6 16. Qxf6 Bxf6 17. Rfe1 Rac8 18. Bg3 Bxc3 19. bxc3 Rxc3 20. Rb1
b5 21. Be5 Nxe5 22. Rxe5 Rxc2 23. a3 Rec8 24. h3 Rc1+ 25. Rxc1 Rxc1+ 26. Kh2 Rc3
27. Re3 Rxe3 28. fxe3 Kg7 29. Kg3 Kf6 30. Kf4 e5+ 31. Kf3 Kg5 32. g3 h5 33. h4+
Kf6 34. g4 a5 35. gxh5 gxh5 36. Ke2 Kf5 37. Ke1 Kg4 38. Ke2 Kxh4 39. Kd3 f5 40.
Kc3 b4+ 41. axb4 axb4+ 42. Kxb4 Kg4 43. Kc5 e4 44. Kxd5 h4 45. Ke5 h3 46. Kd4 h2
47. Ke5 h1=Q 48. Kf6 Qf3 49. Kg7 Qxe3 50. Kh8 f4 {White resigns} 0-1

[Event "Team 45 45 League T81"]
[Site "Internet Chess Club"]
[Date "2019.08.05"]
[Round "6"]
[White "pagliaci"]
[Black "SeniorCitizen"]
[Result "0-1"]
[WhiteElo "1279"]
[BlackElo "1175"]
[Opening "French: Tarrasch, closed variation, main line"]
[ECO "C06"]
[Time "17:01:00"]
[TimeControl "2700+45"]

1. e4 e6 2. d4 d5 3. Nd2 Nf6 4. e5 Nfd7 5. Bd3 c5 6. c3 Nc6 7. Ne2 cxd4 8. cxd4
Be7 9. O-O Nf8 10. f4 Ng6 11. a3 O-O 12. Nf3 f5 13. exf6 Bxf6 14. Qc2 Qe8 15.
Be3 Nce7 16. Ng3 Nf5 17. Rae1 Qd7 18. Nxf5 exf5 19. Bxf5 Qxf5 20. Qxf5 Bxf5 21.
Ne5 Rac8 22. Rc1 Rxc1 23. Rxc1 Rc8 24. g4 Rxc1+ 25. Bxc1 Bc8 26. h3 Bxe5 27.
fxe5 Ne7 28. Kf2 Kf7 29. Kf3 Ng6 30. b4 b5 31. Ke3 Ke6 32. Kd3 a6 33. Ke2 Bd7
34. Kf3 Kf7 35. Kg3 Ke6 36. Bd2 Ne7 37. Kf3 Kf7 38. Kg3 g6 39. Kh4 Ke6 40. Kg3
Nc6 41. Bc3 g5 42. Kf3 Kf7 43. Kg3 Kg6 44. Kf3 Nd8 45. Bd2 Ne6 46. Be3 h5 47.
Kg3 hxg4 48. hxg4 Nd8 49. Kf3 Nf7 50. Kg3 Nh6 51. Kf3 Bxg4+ 52. Kg3 Be6 53. Kg2
Kf5 54. Kg3 Ng4 55. Bg1 Ke4 56. Kg2 Ne3+ 57. Kg3 Nf5+ 58. Kg4 Nxd4+ 59. Kxg5
Kxe5 60. Kg6 Bh3 61. Kf7 Nc2 62. Ke7 Nxa3 63. Kd8 Nc2 64. Bc5 d4 65. Kc7 d3 66.
Bd6+ Kd5 67. Bf4 Nxb4 68. Kb6 Kc4 69. Ka5 Bc8 70. Bd2 Na2 71. Be1 b4 72. Ka4
Bd7+ 73. Ka5 Bb5 74. Bxb4 Nxb4 75. Kb6 d2 76. Kc7 d1=Q 77. Kb7 a5 78. Kb6 a4 79.
Ka5 a3 80. Kb6 a2 81. Ka5 a1=Q+ 82. Kb6 Qd6+ 83. Kb7 Qaa6# {White checkmated}
0-1

[Event "Team 45 45 League T81"]
[Site "Internet Chess Club"]
[Date "2019.08.05"]
[Round "6"]
[White "chesskix"]
[Black "clarinetref"]
[Result "0-1"]
[WhiteElo "1372"]
[BlackElo "1523"]
[Opening "English opening"]
[ECO "A10"]
[Time "15:00:52"]
[TimeControl "2700+45"]

1. c4 g6 2. Nc3 c5 3. e4 Bg7 4. Nf3 Nc6 5. Be2 a6 6. a4 e6 7. O-O Nge7 8. d3 O-O
9. Bd2 h6 10. Qc1 Kh7 11. Bd1 Nb4 12. Ne1 d5 13. Na2 Nbc6 14. Bc3 Nd4 15. Nf3
Nec6 16. Nxd4 Nxd4 17. Bxd4 Bxd4 18. Bf3 dxc4 19. dxc4 Qb6 20. Nc3 Bd7 21. a5
Qc7 22. Ra3 Bc6 23. Ne2 Be5 24. g3 f5 25. exf5 exf5 26. Bxc6 Qxc6 27. Nf4 b5 28.
axb6 Qxb6 29. Re3 Bxf4 30. Re7+ Kg8 31. gxf4 Rf7 32. Rfe1 Rxe7 33. Rxe7 Qf6 34.
Re5 Rb8 35. Qc3 Qd6 36. Kg2 Kf7 37. b3 Qd4 38. Qe3 Rb7 39. Rxc5 Qe4+ 40. Qf3
Qxf3+ 41. Kxf3 Rxb3+ 42. Kg2 Ra3 43. Re5 Rc3 44. c5 a5 45. c6 a4 46. c7 Rxc7 47.
Ra5 Rc4 48. Kf3 Rc3+ 49. Ke2 a3 50. Kd2 Rf3 51. Ke2 Rxf4 52. Rxa3 Kf6 53. Ra6+
Kg5 54. f3 Rb4 55. Kf2 Rh4 56. Kg3 Rc4 57. Kg2 Rc2+ 58. Kh3 Rc3 59. Kg2 Kh5 60.
Ra4 g5 61. Ra5 f4 62. Rb5 Re3 63. Kf2 Kh4 64. Rb6 h5 65. Rh6 Rc3 66. Kg2 Rc2+
67. Kg1 g4 68. fxg4 Kxg4 69. h3+ Kg5 70. Ra6 Kh4 71. Ra5 f3 72. Ra4+ Kxh3 73.
Ra3 Kg3 74. Ra1 h4 75. Kh1 Rh2+ 76. Kg1 f2+ {White resigns} 0-1

[Event "Team 45 45 League T81"]
[Site "Internet Chess Club"]
[Date "2019.08.05"]
[Round "6"]
[White "sdcohle"]
[Black "CMAlge"]
[Result "1-0"]
[WhiteElo "1300"]
[BlackElo "1298"]
[Opening "Queen's pawn game"]
[ECO "D00"]
[Time "20:03:13"]
[TimeControl "2700+45"]

1. d4 d5 2. f4 c5 3. c3 Bf5 4. e3 Nf6 5. Nf3 Nc6 6. Nbd2 e6 7. Be2 Be7 8. O-O
O-O 9. Ne5 Qc7 10. Ndf3 Ne4 11. Nd2 a6 12. Bg4 Rac8 13. Bxf5 exf5 14. Ndf3 b5
15. dxc5 Nxe5 16. Nxe5 Bxc5 17. Nd3 Qb6 18. Nxc5 Qxc5 19. Qe2 Rc6 20. Rd1 Re8
21. Qd3 Rd6 22. Bd2 Red8 23. Qe2 Qc4 24. Qf1 b4 25. cxb4 Nxd2 26. Rxd2 Qxb4 27.
Qd1 d4 28. Rxd4 Rxd4 29. exd4 Rxd4 30. Qe2 Kf8 31. Rc1 Re4 32. Qd1 Qb6+ 33. Kh1
{Black forfeits on time} 1-0

[Event "Team 45 45 League T81"]
[Site "Internet Chess Club"]
[Date "2019.08.04"]
[Round "6"]
[White "stantheman59"]
[Black "Kidpython"]
[Result "1-0"]
[WhiteElo "1241"]
[BlackElo "1098"]
[Opening "Queen's pawn"]
[ECO "A40"]
[Time "15:11:30"]
[TimeControl "2700+45"]

1. d4 e6 2. Bf4 d5 3. e3 Nf6 4. c3 Bd6 5. Bg3 Ne4 6. f4 Nxg3 7. hxg3 c5 8. b3 f6
9. Nf3 Nc6 10. Nh4 Bc7 11. Ng6 Rg8 12. Rxh7 f5 13. Qh5 Kd7 14. dxc5 Qf6 15. Bb5
e5 16. Qg5 Qxg5 17. fxg5 Re8 18. Rxg7+ Kd8 {Black resigns} 1-0

[Event "Team 45 45 League T81"]
[Site "Internet Chess Club"]
[Date "2019.08.05"]
[Round "6"]
[White "gregorgg"]
[Black "kingsrook"]
[Result "1-0"]
[WhiteElo "1179"]
[BlackElo "1223"]
[Opening "Queen's bishop game"]
[ECO "D00"]
[Time "13:31:33"]
[TimeControl "2700+45"]

1. d4 d5 2. Bf4 Nf6 3. Nf3 c5 4. c3 Nc6 5. e3 e6 6. Nbd2 Bd6 7. Ne5 Qc7 8. Nxc6
Bxf4 9. exf4 bxc6 10. dxc5 Qxf4 11. Bd3 Qe5+ 12. Qe2 Qxe2+ 13. Bxe2 O-O 14.
O-O-O Rb8 15. g4 e5 16. g5 Ng4 17. Rdf1 e4 18. f4 exf3 19. Nxf3 Re8 20. Nd4 Ne5
21. h4 Bg4 22. Bxg4 Nxg4 23. Nxc6 Rb7 24. Re1 Kf8 25. Nd4 Rbe7 26. Rxe7 Rxe7 27.
c6 Ne5 28. b4 a6 29. a4 Rc7 30. b5 axb5 31. axb5 Nxc6 32. bxc6 Rc8 33. Rh2 g6
34. h5 Ke7 35. hxg6 hxg6 36. Rf2 Rc7 37. Rf6 Kd8 38. Kd2 Ke7 39. Kd3 Kd8 40. c4
dxc4+ 41. Kxc4 Ke7 42. Nb5 Rc8 43. Kc5 Kf8 44. Nd6 Rc7 45. Kb6 Rc8 46. Nxc8
{Black resigns} 1-0

[Event "Team 45 45 League T81"]
[Site "Internet Chess Club"]
[Date "2019.08.07"]
[Round "6"]
[White "calsal"]
[Black "Ajolote"]
[Result "0-1"]
[WhiteElo "1820"]
[BlackElo "1939"]
[Opening "Sicilian: Alapin's variation (2.c3)"]
[ECO "B22"]
[Time "18:20:24"]
[TimeControl "2700+45"]

1. e4 c5 2. c3 Nf6 3. e5 Nd5 4. d4 cxd4 5. cxd4 g6 6. Qb3 Nb6 7. Nf3 Bg7 8. Nc3
Nc6 9. a4 a5 10. Be3 e6 11. Ne4 O-O 12. Nd6 Nd5 13. Bc4 Ncb4 14. O-O f6 15. Rac1
fxe5 16. Nxe5 Qe7 17. Ne4 Nxe3 18. fxe3 d5 19. Rxf8+ Bxf8 20. Nd2 dxc4 21. Ndxc4
Ra6 22. Rf1 Nd5 23. Rf7 Qb4 24. Qd1 b5 25. axb5 Qxb5 26. Qg4 Qe8 27. Qh4 Bg7 28.
e4 Nf6 29. Ne3 Rd6 30. Rxf6 Qd8 31. N5g4 Rxd4 32. Qf2 Bxf6 33. Nxf6+ Kg7 34. e5
Rd2 35. Qf4 Rxb2 36. h4 Rb7 37. Neg4 Kh8 38. h5 gxh5 39. Nxh5 Rb1+ 40. Kh2 Qh4#
{White checkmated} 0-1

[Event "Team 45 45 League T81"]
[Site "Internet Chess Club"]
[Date "2019.08.04"]
[Round "6"]
[White "MarcB"]
[Black "Beetlejuice"]
[Result "1-0"]
[WhiteElo "1702"]
[BlackElo "1681"]
[Opening "Réti v Dutch"]
[ECO "A04"]
[Time "14:01:00"]
[TimeControl "2700+45"]

1. Nf3 f5 2. d4 Nf6 3. g3 g6 4. Bg2 Bg7 5. O-O d6 6. Nc3 O-O 7. Re1 c6 8. e4
fxe4 9. Nxe4 Nxe4 10. Rxe4 Bf5 11. Re1 h6 12. c3 Qc7 13. Nh4 Na6 14. Nxf5 Rxf5
15. Bh3 Rf6 16. Re6 Rxe6 17. Bxe6+ Kh7 18. h4 Rf8 19. Bb3 e5 20. dxe5 Bxe5 21.
Bc2 d5 22. Qh5 Qg7 23. Bxh6 Qxh6 24. Qxe5 Qd2 25. Qh5+ Qh6 26. Bxg6+ Kg7 27.
Qxh6+ Kxh6 28. h5 Kg5 29. Re1 Kf6 30. Re8 Rxe8 31. Bxe8 Nc5 32. h6 Ne4 33. Kg2
Ng5 34. f4 Nh7 35. g4 {Black resigns} 1-0

[Event "Team 45 45 League T81"]
[Site "Internet Chess Club"]
[Date "2019.08.03"]
[Round "6"]
[White "elessar"]
[Black "fireball"]
[Result "1-0"]
[WhiteElo "1638"]
[BlackElo "1490"]
[Opening "Modern defense"]
[ECO "A40"]
[Time "10:04:18"]
[TimeControl "2700+45"]

1. d4 g6 2. Nc3 Bg7 3. Bf4 d6 4. Nf3 e5 5. dxe5 dxe5 6. Qxd8+ Kxd8 7. O-O-O+ Nd7
8. Nxe5 Ke8 9. Nxd7 Bxc3 10. bxc3 Bxd7 11. Bxc7 Rc8 12. Be5 f6 13. Bd4 b6 14. e4
Be6 15. Ba6 Rc7 16. Bb5+ Kf7 17. Kb2 Ne7 18. Ba4 Rhc8 19. Bb3 Nc6 20. Bxe6+ Kxe6
21. Rd2 Na5 22. Rd3 Nc4+ 23. Kc1 Nd6 24. Rhd1 Nb5 25. Rf3 Nxd4 26. Rxd4 Rxc3 27.
Rxc3 Rxc3 28. Kb2 Rc8 29. Kb3 Rc7 30. f3 Ke5 31. Rd5+ Kf4 32. Rd2 Ke3 33. Rd6
Kf2 34. Rd2+ Ke3 35. Rd3+ Kf2 36. g4 Kg2 37. f4 Kxh2 38. e5 fxe5 39. fxe5 Re7
40. Re3 Kg2 41. Kc4 Kf2 42. Kd3 Rd7+ 43. Ke4 Re7 44. Rd3 Rc7 45. Kd5 Rxc2 46. a3
Rc5+ 47. Kd6 Ke2 48. Rh3 Rc4 49. e6 Rd4+ 50. Ke5 Rd8 51. e7 Re8 52. Kf6 h5 53.
gxh5 gxh5 54. Rxh5 Kd3 55. Rh4 Kc3 56. Kf7 Rxe7+ 57. Kxe7 Kb3 58. Rh3+ Ka4 59.
Kd6 Kb5 60. Kd5 a5 61. Kd4 Ka4 62. Kc4 b5+ 63. Kc5 b4 64. axb4 axb4 65. Kc4 Ka5
66. Rb3 Ka4 67. Rxb4+ Ka3 68. Rb8 Ka2 69. Kc3 {Black resigns} 1-0

[Event "Team 45 45 League T81"]
[Site "Internet Chess Club"]
[Date "2019.08.02"]
[Round "6"]
[White "Insan996"]
[Black "Demachaeron"]
[Result "0-1"]
[WhiteElo "1585"]
[BlackElo "1757"]
[Opening "QGD: Orthodox defense, 7.Rc1"]
[ECO "D63"]
[Time "22:09:47"]
[TimeControl "2700+45"]

1. d4 d5 2. Nf3 Nf6 3. c4 e6 4. Nc3 Be7 5. Bg5 Nbd7 6. e3 O-O 7. Rc1 Re8 8. Be2
Nf8 9. O-O Ng6 10. Qd2 h6 11. Bxf6 Bxf6 12. Rc2 Bd7 13. cxd5 exd5 14. Nxd5 c6
15. Nxf6+ Qxf6 16. Rfc1 h5 17. d5 h4 18. dxc6 Bxc6 19. Qd4 Qe7 20. Qc5 Qf6 21.
Nd4 Re5 22. Qa3 Be4 23. Rc5 Rae8 24. Bf3 h3 25. Bxe4 Rxe4 26. Rf5 Qxd4 27. gxh3
Qd7 28. Rf3 b6 29. Qc3 R4e5 30. b4 Rd8 31. Rg3 Qd1+ 32. Qe1 Qxe1+ 33. Rxe1 Red5
34. e4 Rd1 35. Re3 Rxe1+ 36. Rxe1 Nf4 37. f3 Rd2 38. a3 Nxh3+ 39. Kh1 Ra2 40.
Re3 Nf4 41. Kg1 b5 42. e5 Kf8 43. h4 Ke7 {White resigns} 0-1

[Event "Team 45 45 League T81"]
[Site "Internet Chess Club"]
[Date "2019.08.05"]
[Round "6"]
[White "cityprosecutor"]
[Black "kidcobra"]
[Result "0-1"]
[WhiteElo "1645"]
[BlackElo "1826"]
[Opening "Sicilian defense"]
[ECO "B20"]
[Time "19:41:53"]
[TimeControl "2700+45"]

1. e4 c5 2. d3 Nc6 3. g3 d6 4. Bg2 Nf6 5. f4 Bg4 6. Nf3 g6 7. c3 Bg7 8. O-O O-O
9. Nbd2 e5 10. h3 Be6 11. fxe5 dxe5 12. Qc2 Qd7 13. Ng5 Rad8 14. Nxe6 fxe6 15.
Nb3 b6 16. Rf3 Nh5 17. Bg5 Rxf3 18. Bxd8 Rxg3 19. Bh4 Rxd3 20. Nd4 Nf4 21. Bf1
Nxd4 22. Bxd3 Nf3+ {White resigns} 0-1

[Event "Team 45 45 League T81"]
[Site "Internet Chess Club"]
[Date "2019.08.04"]
[Round "6"]
[White "RD1974"]
[Black "BJJ"]
[Result "0-1"]
[WhiteElo "1560"]
[BlackElo "1450"]
[Opening "QGD Slav defense"]
[ECO "D10"]
[Time "19:34:56"]
[TimeControl "2700+45"]

1. d4 d5 2. c4 c6 3. Nc3 Nf6 4. Bg5 Bf5 5. e3 Nbd7 6. Nge2 e6 7. Ng3 Bb4 8. cxd5
cxd5 9. a3 Be7 10. Nxf5 exf5 11. Bd3 g6 12. O-O a6 13. Qf3 h6 14. Bh4 Nb6 15.
Rfc1 Ne4 16. Bxe7 Qxe7 17. Bxe4 fxe4 18. Qg3 O-O 19. Ne2 g5 20. Rc7 Qe6 21. h4
f6 22. Nf4 Qf5 23. h5 Rac8 24. Ng6 Rxc7 25. Qxc7 Qe6 26. Qh7+ Kxh7 27. Nxf8+ Kg8
28. Nxe6 Nc4 29. b3 Nd2 30. Rc1 Nxb3 31. Rc7 b5 32. Rg7+ Kh8 33. Rg6 a5 34. Rxf6
Kh7 35. Nd8 b4 36. Rg6 bxa3 37. Ne6 a2 38. Nf8+ Kh8 39. Rc6 a1=Q+ 40. Kh2 Qe1
41. Ng6+ Kg8 42. Rc8+ Kf7 43. Rc7+ Ke8 44. Ne5 Qxf2 45. Rc8+ Ke7 46. Rc7+ Kd8
47. Rf7 Qh4+ 48. Kg1 Qe1+ 49. Kh2 Qxe3 50. Rd7+ Kc8 51. Rxd5 a4 52. Nc6 Qf4+ 53.
Kg1 Qc1+ 54. Kh2 Qxc6 {White resigns} 0-1